Map: Ulrena

Players

Jhyrachy

  • Race: Zerg Zerg
  • League: Gold

sbrus - Winner!

  • Race: Protoss Protoss
  • League: Gold

VOD

Have the link to the VOD?

Description

Time

  • Played on: April 18, 2016, 12:56 p.m.
  • Length: 21:57
Show
View Real Time Build Order
Export as new Build Order

Jhyrachy Zerg 

Build Orders: Hatch First, Lurkers 

Get SALT Encoding   

  12  0:01  Drone  
  13  0:09  Drone  
  14  0:18  Overlord  
  14  0:36  Drone x3  
  17  1:00  Hatchery  
  17  1:01  Drone  
  17  1:02  Extractor  
  16  1:15  Spawning Pool  
  16  1:16  Drone  
  16  1:22  Drone  
  17  1:53  Drone  
  17  1:54  Drone x2  
  19  1:55  Hatchery  
  20  2:15  Queen  
  22  2:17  Spine Crawler  
  22  2:21  Spine Crawler  
  21  2:27  Queen  
  23  2:46  Drone  
  23  2:47  Drone x2  
  26  3:22  Lair  
  26  3:25  Extractor  
  25  3:28  Drone x3  
  28  3:54  Queen  
  28  3:57  Overlord x3  
  28  4:00  Extractor  
  27  4:16  Drone x3  
  27  4:17  Drone x4  
  31  4:18  Drone  
  35  4:30  Extractor  
  34  4:41  Hydralisk Den  
  33  4:51  Queen  
  35  5:06  Drone x5  
  41  5:07  Drone x4  
  44  5:16  Muscular Augments  
  44  5:32  Hatchery  
  43  5:44  Spore Crawler  
  43  5:49  Spore Crawler  
  41  6:09  Queen  
  43  6:24  Hydralisk  
  43  6:25  Hydralisk x3  
  45  6:27  Overlord x4  
  45  6:28  Overlord  
  51  6:35  Lurker Den  
  51  6:58  Overseer x2  
  51  6:59  Pneumatized Carapace  
  52  7:01  Drone  
  52  7:02  Drone x11  
  52  7:03  Hydralisk x5  
  73  7:24  Evolution Chamber  
  73  7:28  Evolution Chamber  
  71  7:35  Drone x3  
  74  7:37  Drone x4  
  74  7:40  Drone x2  
  74  7:41  Drone x2  
  82  8:11  Drone  
  84  8:20  Lurker x9  
  84  8:23  Overlord x3  
  84  8:24  Hatchery  
  91  8:30  Zerg Ground Armor Level 1, Zerg Missile Weapons Level 1  
  91  8:45  Queen  
  93  9:10  Spore Crawler  
  92  9:19  Hydralisk  
  92  9:20  Hydralisk x14  
  92  9:22  Overlord  
  92  9:23  Overlord x4  
  122  10:02  Hydralisk x11  
  122  10:03  Hydralisk x5  
  154  10:18  Spore Crawler  
  154  10:20  Spore Crawler  
  152  10:26  Spore Crawler  
  151  10:30  Spore Crawler, Zerg Missile Weapons Level 2  
  150  10:46  Extractor  
  150  10:49  Extractor  
  148  10:51  Zerg Ground Armor Level 2  
  148  11:15  Overseer x3  
  148  11:50  Spire  
  147  12:07  Hydralisk x6  
  147  12:08  Hydralisk x4  
  165  12:09  Overlord x2  
  165  12:10  Overlord x2  
  167  12:46  Infestation Pit  
  166  13:15  Hydralisk x2  
  166  13:16  Hydralisk x15  
  200  13:25  Zerg Flyer Weapons Level 1  
  200  14:10  Hive  
  200  14:31  Overseer  
  200  14:55  Extractor  
  200  14:58  Extractor  
  198  15:41  Zerg Ground Armor Level 3, Zerg Missile Weapons Level 3  
  198  16:10  Hatchery  
  197  16:43  Zerg Flyer Weapons Level 2  
  197  16:46  Hatchery  
  196  17:23  Hatchery  
  195  18:00  Hatchery  
  102  19:39  Hydralisk  
  102  19:40  Hydralisk x10  
  102  19:41  Hydralisk x25  
  102  19:42  Hydralisk x24  
  102  19:43  Hydralisk  
  86  20:32  Corruptor x6  
  86  20:33  Corruptor x12  
  114  20:36  Zergling x2  
  114  20:37  Zergling x50  
  114  20:38  Zergling x4  
Show
View Real Time Build Order
Export as new Build Order

sbrus Protoss - Winner!

Build Orders: Cannon Rush 

Get SALT Encoding   

  12  0:02  Probe (Chrono Boost)  
  13  0:12  Probe (Chrono Boost)  
  14  0:23  Probe (Chrono Boost)  
  15  0:29  Pylon  
  15  0:47  Probe (Chrono Boost)  
  16  0:55  Forge  
  16  0:56  Pylon  
  16  0:58  Probe (Chrono Boost)  
  17  1:08  Probe (Chrono Boost)  
  18  1:33  Gateway  
  18  1:37  Photon Cannon  
  18  1:41  Photon Cannon  
  18  1:53  Photon Cannon  
  18  2:17  Pylon  
  18  2:32  Pylon  
  18  2:37  Photon Cannon  
  18  2:41  Photon Cannon  
  18  2:49  Pylon  
  18  2:55  Nexus  
  18  3:00  Cybernetics Core  
  18  3:16  Assimilator, Zealot  
  20  3:20  Assimilator  
  20  3:37  Photon Cannon  
  20  3:41  Probe (Chrono Boost)  
  21  3:51  Probe (Chrono Boost)  
  22  4:02  Probe (Chrono Boost)  
  23  4:08  Probe (Chrono Boost)  
  24  4:12  Probe (Chrono Boost)  
  25  4:18  Probe (Chrono Boost)  
  25  4:23  Mothership Core (Chrono Boost)  
  28  4:29  Probe (Chrono Boost)  
  29  4:36  Stargate  
  29  4:39  Probe (Chrono Boost)  
  30  4:50  Probe (Chrono Boost)  
  31  5:00  Probe (Chrono Boost)  
  31  5:03  Nexus  
  31  5:04  Stargate  
  32  5:13  Pylon  
  32  5:16  Pylon  
  33  5:21  Probe (Chrono Boost)  
  33  5:28  Probe (Chrono Boost)  
  34  5:32  Probe (Chrono Boost), Void Ray  
  39  5:38  Assimilator  
  39  5:41  Assimilator  
  39  5:44  Probe (Chrono Boost)  
  40  5:55  Probe (Chrono Boost)  
  41  5:58  Void Ray  
  45  6:10  Assimilator  
  45  6:12  Assimilator  
  45  6:16  Probe x2 (Chrono Boost), Pylon  
  47  6:27  Probe x2 (Chrono Boost)  
  47  6:30  Void Ray  
  53  6:37  Probe x2 (Chrono Boost)  
  55  6:52  Void Ray  
  59  7:02  Nexus  
  59  7:04  Assimilator  
  59  7:05  Assimilator  
  59  7:09  Pylon  
  59  7:12  Void Ray  
  63  7:29  Stargate  
  63  7:33  Stargate  
  63  7:38  Photon Cannon  
  63  7:41  Photon Cannon  
  63  7:48  Void Ray  
  63  7:49  Pylon  
  68  7:51  Probe (Chrono Boost)  
  68  7:52  Probe (Chrono Boost)  
  69  8:02  Probe (Chrono Boost)  
  69  8:03  Probe (Chrono Boost)  
  71  8:13  Probe x2 (Chrono Boost)  
  71  8:19  Fleet Beacon  
  73  8:21  Protoss Air Weapons Level 1 (Chrono Boost)  
  73  8:22  Probe (Chrono Boost)  
  74  8:41  Pylon  
  74  8:42  Probe x2, Void Ray  
  74  8:44  Probe  
  74  8:45  Pylon  
  74  8:47  Pylon  
  81  8:53  Probe x2  
  81  8:55  Probe  
  84  9:03  Probe x2  
  84  9:05  Probe  
  93  9:15  Photon Cannon  
  93  9:16  Photon Cannon  
  93  9:23  Photon Cannon  
  93  9:30  Photon Cannon  
  93  9:31  Probe x2  
  93  9:32  Probe  
  96  9:42  Probe x3  
  96  9:43  Graviton Catapult  
  99  9:45  Protoss Shields Level 1  
  99  9:52  Probe x2  
  99  9:57  Nexus  
  101  10:01  Assimilator  
  101  10:03  Assimilator  
  101  10:09  Pylon  
  101  10:21  Carrier x2  
  113  10:35  Carrier  
  113  10:36  Carrier  
  125  10:49  Cybernetics Core  
  125  10:54  Twilight Council  
  125  10:58  Pylon  
  125  11:00  Pylon  
  125  11:01  Protoss Air Weapons Level 2 (Chrono Boost)  
  125  11:03  Pylon  
  125  11:08  Probe  
  126  11:19  Probe  
  127  11:29  Probe  
  128  11:40  Probe  
  128  11:46  Carrier  
  128  11:47  Carrier  
  129  11:52  Protoss Shields Level 2  
  141  12:01  Carrier x2  
  153  12:12  Protoss Air Armor Level 1 (Chrono Boost)  
  142  12:36  Robotics Facility  
  141  13:04  Stargate  
  141  13:05  Stargate  
  141  13:12  Tempest x2  
  149  13:24  Observer  
  150  13:27  Tempest  
  154  13:45  Observer  
  155  13:58  Pylon  
  155  14:01  Pylon  
  155  14:04  Pylon  
  155  14:06  Observer  
  156  14:10  Protoss Air Weapons Level 3 (Chrono Boost), Pylon  
  156  14:13  Pylon  
  156  14:15  Pylon  
  156  14:16  Protoss Shields Level 3, Void Ray x2  
  164  14:18  Void Ray x2  
  164  14:22  Void Ray  
  176  14:28  Observer  
  176  14:29  Protoss Air Armor Level 2 (Chrono Boost)  
  177  14:39  Carrier  
  183  14:49  Observer  
  180  15:57  Robotics Bay  
  180  16:02  Robotics Facility  
  180  16:55  Nexus  
  180  16:59  Assimilator  
  180  17:00  Assimilator  
  174  17:05  Pylon  
  174  17:06  Colossus  
  174  17:07  Colossus  
  174  17:08  Pylon  
  180  17:10  Pylon  
  180  17:13  Pylon  
  179  17:30  Pylon  
  179  17:31  Pylon  
  179  17:51  Carrier x3  
  197  18:01  Photon Cannon  
  197  18:02  Photon Cannon  
  197  18:03  Photon Cannon  
  197  18:32  Extended Thermal Lance  
  197  19:06  Photon Cannon x2  
  197  19:07  Photon Cannon  
  195  19:10  Photon Cannon  
  195  19:11  Photon Cannon  
  195  19:13  Photon Cannon  
  195  19:15  Photon Cannon  
  187  20:00  Mothership Core  
  171  20:30  Carrier x4  
Tags
 
Add a new tag
Caveats
  • Supply blocks, unpowered buildings, or Contaminate may cause inaccurate times.
  • Supply counts are checked every 10 seconds.